 Dungeon Crawl Stone Soup version 0.29.1-1-gd02db6906a (webtiles) character file.

Game seed: 14570721661665082103

130907 Tirrikindir the Brawler (level 16, -4/165 HPs)
             Began as a Troll Monk on Sept 5, 2022.
             Was the Champion of Okawaru.
             Slain by a five-headed hydra (5 damage)
             ... while petrified by Jorgrun
             ... on level 1 of the Swamp on Sept 26, 2022.
             The game lasted 01:21:03 (22655 turns).

Tirrikindir the Brawler (Troll Monk)               Turns: 22655, Time: 01:21:04

Health: -4/165     AC: 22    Str: 25    XL:     16   Next: 54%
Magic:  0/22       EV:  1    Int: 10    God:    Okawaru [******]
Gold:   1241       SH:  0    Dex: 22    Spells: 15/15 levels left

rFire   . . .      SeeInvis +   a - +4 scimitar (flame)
rCold   + + .      Faith    .   (no shield)
rNeg    + + +      Spirit   +   W - +1 ice dragon scales of Okawaru's Pride {-Cast rElec rF- rC++ SInv}
rPois   ∞          Reflect  .   (helmet restricted)
rElec   +          Harm     .   t - +2 cloak
rCorr   .          Rampage  .   (gloves unavailable)
Will    +....      NoCast   +   (boots unavailable)
Stlth   ++........              J - brooch of Shielding {Spirit SH+8}
HPRegen 1.17/turn               D - ring of Ciuzxo {rPois Int+4 Slay+4}
MPRegen 0.18/turn               G - ring of Eraismetz {rElec Dex+6 Slay+3}

@: petrified, heroic, flying, slowed, studying Invocations
A: large, unfitting armour, claws 3, regeneration 1, shaggy fur 1, tough skin 1,
antennae 1, fire resistance 1, subdued magic 1
a: Renounce Religion, Heroism, Finesse, Duel


You were on level 1 of the Swamp.
You worshipped Okawaru.
Okawaru was exalted by your worship.
You visited 5 branches of the dungeon, and saw 24 of its levels.
You visited the Abyss 1 time.
You also visited: Sewer, Gauntlet and Ice Cave.

You collected 2921 gold pieces.
You spent 1680 gold pieces at shops.

Inventory:

Hand Weapons
 a - a +4 scimitar of flaming (weapon)
 x - the +8 spear of the Tiger {holy, rN+ Str+2}
   (You found it on level 5 of the Dungeon)

   It has been blessed by the Shining One to cause great damage to the undead
   and demons.
   Str:       It affects your strength (+2).
   rN:        It protects you from negative energy.
Missiles
 i - 26 poisoned darts
 S - 46 large rocks (quivered)
Armour
 t - a +2 cloak (worn)
 u - +0 fire dragon scales
 W - the +1 ice dragon scales of Okawaru's Pride (worn) {-Cast rElec rF- rC++ SInv}
   (Okawaru gifted it to you on level 1 of the Lair of Beasts)

   rF:        It makes you vulnerable to fire.
   rC:        It greatly protects you from cold.
   rElec:     It insulates you from electricity.
   SInv:      It lets you see invisible.
   -Cast:     It prevents spellcasting.
 Y - a scarf of resistance
Jewellery
 C - a ring of protection from fire
 D - the ring of Ciuzxo (left claw) {rPois Int+4 Slay+4}
   (You found it in a Gauntlet)

   [ring of slaying]

   Int:       It affects your intelligence (+4).
   Slay:      It affects your accuracy & damage with ranged weapons and melee
   (+4).
   rPois:     It protects you from poison.
 G - the ring of Eraismetz (right claw) {rElec Dex+6 Slay+3}
   (You found it on level 8 of the Dungeon)

   [ring of dexterity]

   Dex:       It affects your dexterity (+6).
   Slay:      It affects your accuracy & damage with ranged weapons and melee
   (+3).
   rElec:     It insulates you from electricity.
 J - the brooch of Shielding (around neck) {Spirit SH+8}
   (You found it in a Gauntlet)

   [amulet of guardian spirit]

   It causes incoming damage to be divided between your reserves of health and
   magic.
   SH:        It affects your SH (+8).
Wands
 j - a wand of iceblast (5)
 F - a wand of mindburst (24)
 L - a wand of digging (1)
 T - a wand of paralysis (7)
 X - a wand of flame (22)
Scrolls
 d - 2 scrolls of silence
 p - 2 scrolls of immolation
 s - 3 scrolls of blinking
 A - 3 scrolls of fog
 E - 3 scrolls of poison
 U - 12 scrolls of teleportation
 Z - 2 scrolls of fear
Potions
 b - a potion of ambrosia
 e - 4 potions of might
 f - 9 potions of haste
 g - 20 potions of curing
 l - 7 potions of heal wounds
 m - 5 potions of invisibility
 n - 6 potions of flight
 o - 3 potions of resistance
 v - 3 potions of berserk rage
 O - 5 potions of mutation
 P - 2 potions of magic
 Q - a potion of cancellation


   Skills:
 * Level 12.0(17.0) Fighting
 + Level 5.0(10.0) Throwing
 + Level 12.0(17.0) Armour
 + Level 12.0(17.0) Dodging
 - Level 2.0(7.0) Stealth
 + Level 15.0(20.0) Unarmed Combat
 * Level 10.0 Invocations
 + Level 2.0 Evocations


You had 15 spell levels left.
You didn't know any spells.
Your spell library contained the following spells:

 Spells                   Type           Power      Damage    Failure   Level
 Apportation              Tloc           0%         N/A       54%         1
 Slow                     Hex            0%         N/A       54%         1
 Sublimation of Blood     Necr           0%         N/A       71%         2
 Confusing Touch          Hex            0%         N/A       90%         3
 Dazzling Flash           Conj/Hex       0%         N/A       90%         3
 Vampiric Draining        Necr           0%         2d6       90%         3
 Hailstorm                Conj/Ice       0%         3d3       100%        4
 Ice Form                 Ice/Tmut       0%         N/A       100%        4
 Leda's Liquefaction      Hex/Erth       0%         N/A       100%        4
 Petrify                  Tmut/Erth      0%         N/A       100%        4
 Agony                    Necr           0%         N/A       100%        5
 Alistair's Intoxication  Tmut/Pois      0%         N/A       100%        5
 Borgnjor's Vile Clutch   Necr/Erth      0%         N/A       100%        5
 Irradiate                Conj/Tmut      0%         3d11      100%        5
 Lee's Rapid Deconstruct  Erth           0%         3d5*      100%        5
 Silence                  Hex/Air        0%         N/A       100%        5
 Dispersal                Tloc           0%         N/A       100%        6
 Eringya's Noxious Bog    Tmut/Pois      0%         N/A       100%        6
 Statue Form              Tmut/Erth      0%         N/A       100%        6
 Disjunction              Tloc           0%         N/A       100%        8
 Simulacrum               Ice/Necr       Unusable   N/A       N/A         6

Dungeon Overview and Level Annotations

Branches:
Dungeon (15/15)            Temple (1/1) D:5            Lair (5/5) D:11
  Swamp (1/4) Lair:2       Spider (0/4) Lair:2        Slime (0/5) Lair:4
    Orc (2/2) D:10            Elf (0/3) Orc:2        Vaults (0/5) D:14
 Depths (0/4) D:15          Sewer (visited)           IceCv (visited)
Gauntlet (visited)

Altars:
Ashenzari
Cheibriados
Dithmenos
Elyvilon
Fedhas
Gozag
Hepliaklqana
Kikubaaqudgha
Makhleb
Nemelex Xobeh
Okawaru
Qazlal
Ru
Sif Muna
Trog
Uskayaw
Vehumet
Wu Jian
Xom
Yredelemnul
Zin
The Shining One

Shops:
D:2 :   D:4 ![   D:8 (   D:15 (   Orc:1 ?   Orc:2 [?!![

Annotations:
Swamp:1 Jorgrun


Innate Abilities, Weirdness & Mutations

You are too large for most types of armour.
You have claws for hands.
Your natural rate of healing is unusually fast.
You are covered in fur. (AC +1)
You have tough skin. (AC +1)
You have a pair of small antennae on your head.
Your flesh is heat resistant. (rF+)
Your spells are a little easier to cast, but a little less powerful.


Message History

* * * LOW HITPOINT WARNING * * *
The bunyip claws you but does no damage.
The bunyip claws you!!
* * * LOW HITPOINT WARNING * * *
The five-headed hydra bites you but does no damage. x3
The five-headed hydra bites you.
* * * LOW HITPOINT WARNING * * *
The five-headed hydra bites you!
* * * LOW HITPOINT WARNING * * *
The five-headed hydra bites you but does no damage. x3
The five-headed hydra bites you!
* * * LOW HITPOINT WARNING * * *
The five-headed hydra bites you but does no damage.
The five-headed hydra bites you but does no damage.
The five-headed hydra bites you.
* * * LOW HITPOINT WARNING * * *
The five-headed hydra bites you!
* * * LOW HITPOINT WARNING * * *
The five-headed hydra bites you but does no damage. x2
The bunyip claws you but does no damage. x2
The bunyip barely misses you.
The five-headed hydra bites you but does no damage. x3
The five-headed hydra bites you.
* * * LOW HITPOINT WARNING * * *
The five-headed hydra bites you but does no damage.
The bog body casts a spell at you.
You feel yourself slow down.
The five-headed hydra bites you but does no damage.
The five-headed hydra bites you. The five-headed hydra bites you!
* * * LOW HITPOINT WARNING * * *
The five-headed hydra bites you but does no damage.
The five-headed hydra completely misses you.
The bog body casts a spell at you. The bolt of cold hits you. You resist.
* * * LOW HITPOINT WARNING * * *
A swamp drake comes into view.
The five-headed hydra bites you.
* * * LOW HITPOINT WARNING * * *
The five-headed hydra bites you!
You die...

♣...~.♣..~..~.
♣.~§.§..)....
♣.~.§....≈≈~.
###...≈≈≈[≈≈≈≈≈
#≈≈≈≈♣≈~≈≈≈≈≈≈≈
###.≈≈≈~♣.≈≈≈≈≈
♣♣..♣♣~~..≈≈≈.
♣xDn...~......
♣@°~.~~..~~~♣~
♣.~~♣~...♣~~~~~
♣.~~.~..♣♣♣♣.~~
♣.~.♣~♣.~!♣ §..
♣.~~~~~.♣..k~
.~
♣~.~~§~♣.~~~§≈
~~~~..♣.~~≈≈≈≈
♣♣~(!♣♣♣. ≈≈


You could see a bunyip, a five-headed hydra, a bog body and a swamp drake
(wandering).

Vanquished Creatures
  A sphinx (D:14)
  3 frost giants
  A minotaur (Gauntlet)
  A white draconian (IceCv)
  A dire elephant (D:15)
  Josephine (D:12)
  Snorg (D:12)
  A fire dragon (Lair:5)
  An ice dragon (IceCv)
  Erolcha (D:8)
  2 boulder beetles
  8 vault guards (D:14)
  4 centaur warriors
  11 hydras
  A catoblepas (Lair:3)
  18 two-headed ogres
  An ironbound frostheart (IceCv)
  4 ogre magi
  2 dancing weapons (D:10)
  Erica (D:8)
  7 death yaks
  A death knight (D:8)
  3 tengu warriors (D:15)
  A hell knight (Abyss:1)
  9 skeletal warriors
  A large abomination (Abyss:1)
  2 deep trolls (Orc:2)
  An orange crystal statue (IceCv)
  A lindwurm (Lair:5)
  A wizard (D:10)
  A swamp dragon (D:10)
  2 orc knights (Orc:1)
  3 deep elf pyromancers (D:13)
  2 deep elf zephyrmancers
  Pikel (D:9)
  2 oklob plants
  A wolf spider (D:15)
  14 ugly things
  An orc sorcerer (Orc:1)
  A shining eye (Gauntlet)
  6 manticores
  10 cyclopes
  6 black mambas
  Joseph (D:8)
  16 elephants (Lair:5)
  A torpor snail (Lair:3)
  3 molten gargoyles (Lair:5)
  8 cane toads
  4 gargoyles
  Maggie (D:8)
  A kobold demonologist (Abyss:1)
  16 komodo dragons
  4 freezing wraiths
  An efreet (D:14)
  A yaktaur (shapeshifter) (D:14)
  2 unseen horrors
  A tengu conjurer (D:15)
  16 rime drakes
  A red devil (Abyss:1)
  17 polar bears
  13 trolls
  2 tyrant leeches
  22 slime creatures
  Prince Ribbit (D:8)
  A raiju (Abyss:1)
  5 dream sheep
  2 flying skulls (Abyss:1)
  A ynoxinul (Abyss:1)
  22 yaks
  3 shadows
  A water elemental (Abyss:1)
  4 wraiths
  11 wyverns
  7 basilisks
  A golden eye (Gauntlet)
  A redback (Lair:2)
  6 steam dragons
  A neqoxec (Abyss:1)
  15 vampire mosquitoes
  Grum (Lair:1)
  3 small abominations (Abyss:1)
  3 swamp worms
  4 acid dragons
  14 water moccasins
  4 hell hounds (Lair:5)
  An ice beast (D:7)
  15 orc warriors
  3 sky beasts
  3 black bears
  18 ogres
  11 wolves
  9 centaurs
  3 kobold brigands
  A lemure (D:9)
  A phantom (D:5)
  Blork the orc (D:6)
  11 bullfrogs
  5 necrophages
  A gnoll sergeant (D:9)
  5 scorpions
  7 wights
  15 killer bees
  3 howler monkeys
  5 lava snakes (Lair:5)
  14 jellies
  11 orc priests
  Crazy Yiuf (D:5)
  2 hounds
  An iron imp (Abyss:1)
  22 orc wizards
  2 iguanas
  A mummy (D:12)
  Robin (D:2)
  3 adders
  8 gnolls
  A river rat (Sewer)
  4 shadow imps
  7 white imps
  An ufetubus (D:6)
  4 worms
  3 dart slugs
  45 orcs
  15 endoplasms
  4 giant cockroaches
  22 goblins
  9 hobgoblins
  7 jackals
  9 kobolds
  3 quokkas
  11 ball pythons
  7 bats
  3 frilled lizards
  7 rats
729 creatures vanquished.

Vanquished Creatures (others)
  5 demonic plants (D:5)
  30 fungi
  80 plants
115 creatures vanquished.

Grand Total: 844 creatures vanquished

Notes
Turn   | Place    | Note
-------+----------+-------------------------------------------
     0 | D:1      | Tirrikindir the Troll Monk began the quest for the Orb.
     0 | D:1      | Reached XP level 1. HP: 22/22 MP: 0/0
    95 | D:1      | Reached XP level 2. HP: 29/29 MP: 1/1
   407 | D:1      | Reached XP level 3. HP: 36/36 MP: 2/2
   419 | D:1      | Found a faded altar of an unknown god.
   574 | D:2      | Reached skill level 1 in Armour
   602 | D:2      | Reached XP level 4. HP: 44/44 MP: 3/3
   714 | D:2      | Noticed Robin
   734 | D:2      | Killed Robin
   739 | D:2      | Reached skill level 4 in Unarmed Combat
   962 | D:2      | Reached XP level 5. HP: 52/52 MP: 4/4
  1050 | D:2      | Found Betsa's Book Boutique.
  1122 | D:2      | Found a sparkling altar of Nemelex Xobeh.
  1863 | D:3      | Found a glowing drain.
  1884 | Sewer    | Entered a sewer
  1961 | Sewer    | Reached skill level 1 in Throwing
  1967 | Sewer    | Reached XP level 6. HP: 49/61 MP: 5/5
  2028 | Sewer    | Found a white marble altar of Elyvilon.
  2298 | D:4      | Found Kannur's Antique Armour Shop.
  2419 | D:4      | Reached skill level 5 in Unarmed Combat
  2600 | D:4      | Found Erphef's Distillery.
  2616 | D:4      | Bought a potion of berserk rage for 55 gold pieces
  2828 | D:5      | Entered Level 5 of the Dungeon
  2925 | D:5      | Identified the +8 spear of the Tiger {holy, rN+ Str+2}
  2956 | D:5      | Found a staircase to the Ecumenical Temple.
  2961 | D:5      | Reached XP level 7. HP: 67/67 MP: 6/6
  2965 | Temple   | Entered the Ecumenical Temple
  3087 | Temple   | Became a worshipper of Warmaster Okawaru
  3087 | Temple   | Reached * piety under Okawaru
  3087 | Temple   | Reached ** piety under Okawaru
  3327 | D:5      | Found a runed translucent door.
  3328 | D:5      | Noticed Crazy Yiuf
  3333 | D:5      | Killed Crazy Yiuf
  3399 | D:5      | Reached skill level 1 in Invocations
  3411 | D:5      | Found a shimmering altar of Xom.
  3563 | D:5      | Found a radiant altar of Vehumet.
  4149 | D:6      | Reached skill level 6 in Unarmed Combat
  4176 | D:6      | Noticed Blork the orc
  4188 | D:6      | Killed Blork the orc
  4189 | D:6      | Reached XP level 8. HP: 64/78 MP: 8/8
  4401 | D:6      | Identified the +3 leather armour "Fikkubb" {Dex+3}
  4472 | D:6      | Reached *** piety under Okawaru
  4483 | D:6      | Found a sparkling altar of Nemelex Xobeh.
  5019 | D:7      | Found a hazy altar of Hepliaklqana.
  5048 | D:7      | Reached skill level 7 in Unarmed Combat
  5149 | D:7      | Reached **** piety under Okawaru
  5172 | D:7      | Reached XP level 9. HP: 84/84 MP: 11/11
  5316 | D:7      | Reached skill level 5 in Invocations
  5350 | D:7      | Found a blossoming altar of Fedhas.
  5352 | D:7      | Found an opulent altar of Gozag.
  5354 | D:7      | Found a glowing golden altar of the Shining One.
  5354 | D:7      | Found an ornate altar of the Wu Jian Council.
  5354 | D:7      | Found a white marble altar of Elyvilon.
  5458 | D:7      | Found a bloodstained altar of Trog.
  5482 | D:7      | Reached skill level 8 in Unarmed Combat
  5618 | D:7      | Reached skill level 5 in Dodging
  5869 | D:8      | Identified the +7 rapier "Zuffamun" {protect, Int+7}
  5902 | D:8      | Noticed a gargoyle
  5905 | D:8      | Noticed a death knight
  5910 | D:8      | Noticed a green ugly thing
  5925 | D:8      | Killed a death knight
  5935 | D:8      | Killed a green ugly thing
  5938 | D:8      | Killed a gargoyle
  5939 | D:8      | Reached XP level 10. HP: 58/94 MP: 5/12
  5940 | D:8      | Reached ***** piety under Okawaru
  5970 | D:8      | Noticed a two-headed ogre
  5978 | D:8      | Killed a two-headed ogre
  5986 | D:8      | Identified the ring of Eraismetz {rElec Dex+6 Slay+3}
  6040 | D:8      | Noticed Maggie
  6048 | D:8      | Noticed Erica
  6051 | D:8      | Killed Maggie
  6058 | D:8      | Noticed Prince Ribbit
  6059 | D:8      | Killed Erica
  6060 | D:8      | Reached skill level 5 in Fighting
  6060 | D:8      | Reached skill level 5 in Armour
  6064 | D:8      | Killed Prince Ribbit
  6204 | D:8      | Noticed Joseph
  6217 | D:8      | Killed Joseph
  6217 | D:8      | Received a gift from Okawaru
  6218 | D:8      | Reached skill level 9 in Unarmed Combat
  6276 | D:8      | Found Yxipn's Antique Weapon Shoppe.
  6693 | D:9      | Identified the +4 dagger of Moerch {vorpal, rN+}
  6696 | D:9      | Found a shimmering blue altar of Sif Muna.
  6709 | D:9      | Noticed Erolcha
  6726 | Abyss:1  | Cast into level 1 of the Abyss (Erolcha)
  6757 | Abyss:1  | Reached XP level 11. HP: 104/104 MP: 14/14
  6758 | Abyss:1  | Found a bloodstained altar of Trog.
  6809 | Abyss:1  | Noticed a large abomination
  6819 | Abyss:1  | Killed a large abomination
  6825 | Abyss:1  | Gained mutation: You are frail. (-10% HP) [a neqoxec]
  6908 | Abyss:1  | Upgraded the game from 0.29.0-11-gd7f09526c8 to
                  | 0.29.1-1-gd02db6906a
  6917 | Abyss:1  | Noticed a hell knight
  6921 | Abyss:1  | Noticed a tentacled starspawn
  6924 | Abyss:1  | Killed a hell knight
  6927 | D:9      | Escaped the Abyss
  6944 | D:8      | Killed Erolcha
  6975 | D:8      | Lost mutation: You are frail. (-10% HP) [potion of
                  | mutation]
  6975 | D:8      | Gained mutation: You have a pair of small horns on your
                  | head. [potion of mutation]
  6975 | D:8      | Gained mutation: You have supernaturally acute eyesight.
                  | (SInv) [potion of mutation]
  7046 | D:9      | Noticed Pikel
  7061 | D:9      | Killed Pikel
  7061 | D:9      | Reached ****** piety under Okawaru
  7061 | D:9      | Identified the +0 kite shield of the Stars {rElec Int+4
                  | Stlth+} (Okawaru gifted it to you on level 9 of the
                  | Dungeon)
  7061 | D:9      | Received a gift from Okawaru
  7062 | D:9      | Reached skill level 10 in Unarmed Combat
  7254 | D:9      | Found a glowing silver altar of Zin.
  7378 | D:10     | Entered Level 10 of the Dungeon
  7440 | D:10     | Found a burning altar of Makhleb.
  7525 | D:10     | Found a sacrificial altar of Ru.
  7546 | D:10     | Found a hide-covered altar of Uskayaw.
  7548 | D:10     | Noticed a +0 hand axe
  7548 | D:10     | Noticed a +0 dagger
  7672 | D:10     | Found a staircase to the Orcish Mines.
  7680 | D:10     | Found a snail-covered altar of Cheibriados.
  7888 | D:10     | Noticed a swamp dragon
  7894 | D:10     | Killed a swamp dragon
  7895 | D:10     | Reached skill level 1 in Evocations
  7955 | D:10     | Noticed a deep elf zephyrmancer
  7967 | D:10     | Killed a deep elf zephyrmancer
  8000 | D:10     | Noticed a two-headed ogre
  8007 | D:10     | Killed a two-headed ogre
  8033 | D:10     | Reached XP level 12. HP: 111/115 MP: 15/15
  8135 | D:10     | Noticed an ogre mage
  8139 | D:10     | Noticed a six-headed hydra
  8144 | D:10     | Killed an ogre mage
  8559 | D:10     | Killed a two-headed hydra
  8692 | D:11     | Noticed a two-headed ogre
  8698 | D:11     | Killed a two-headed ogre
  8955 | D:11     | Received a gift from Okawaru
  9092 | D:11     | Found a staircase to the Lair.
  9563 | D:11     | Received a gift from Okawaru
  9564 | D:11     | Reached skill level 11 in Unarmed Combat
  9748 | D:12     | Received a gift from Okawaru
  9822 | D:12     | Noticed Josephine
  9823 | D:12     | Noticed Snorg
  9836 | D:12     | Killed Josephine
  9853 | D:12     | Killed Snorg
 10175 | D:12     | Found a snail-covered altar of Cheibriados.
 10595 | Lair:1   | Entered Level 1 of the Lair of Beasts
 10617 | Lair:1   | Noticed Grum
 10624 | Lair:1   | Killed Grum
 10646 | Lair:1   | Reached XP level 13. HP: 127/127 MP: 17/17
 10825 | Lair:1   | Received a gift from Okawaru
 11121 | Lair:1   | Identified the +1 ice dragon scales of Okawaru's Pride
                  | {-Cast rElec rF- rC++ SInv} (Okawaru gifted it to you on
                  | level 1 of the Lair of Beasts)
 11121 | Lair:1   | Received a gift from Okawaru
 11697 | Lair:2   | Reached skill level 12 in Unarmed Combat
 11816 | Lair:2   | Identified the +0 ring mail "Jaudat" {rF++}
 11854 | Lair:2   | Found a hole to the Spider Nest.
 12149 | Lair:2   | Found a staircase to the Swamp.
 12905 | Lair:3   | Identified the +8 giant club of the Seven Mice {freeze,
                  | Will+ Dex+2} (Okawaru gifted it to you on level 3 of the
                  | Lair of Beasts)
 12905 | Lair:3   | Received a gift from Okawaru
 13114 | Lair:3   | Reached skill level 10 in Dodging
 13913 | Lair:4   | Found a staircase to the Slime Pits.
 14009 | Lair:3   | Received a gift from Okawaru
 14009 | Lair:3   | Found the +8 Wrath of Trog {antimagic, *Rage Rampage}
 14015 | Lair:3   | Reached XP level 14. HP: 91/140 MP: 19/19
 14714 | Lair:5   | Entered Level 5 of the Lair of Beasts
 15083 | Lair:5   | Found a shimmering blue altar of Sif Muna.
 15207 | Lair:5   | Identified the +1 robe of the Solstice {rN+} (Okawaru
                  | gifted it to you on level 5 of the Lair of Beasts)
 15207 | Lair:5   | Received a gift from Okawaru
 15256 | Lair:5   | Reached skill level 13 in Unarmed Combat
 15428 | Lair:5   | Reached skill level 5 in Throwing
 15691 | Lair:5   | Found a large runed translucent door.
 15692 | Lair:5   | Found a large runed translucent door.
 16326 | D:13     | Reached skill level 10 in Armour
 16329 | D:13     | Found a gate leading to a gauntlet.
 16351 | Gauntlet | Entered a Gauntlet
 16351 | Gauntlet | Found a transporter.
 16351 | Gauntlet | Found a runed translucent door.
 16352 | Gauntlet | Found a runed translucent door.
 16358 | Gauntlet | Found a transporter.
 16360 | Gauntlet | Found a transporter.
 16384 | Gauntlet | Found a transporter.
 16385 | Gauntlet | Found a transporter.
 16398 | Gauntlet | Found the brooch of Shielding {Spirit SH+8}
 16404 | Gauntlet | Found a transporter.
 16420 | Gauntlet | Found a transporter.
 16424 | Gauntlet | Found a transporter.
 16444 | Gauntlet | Found a transporter.
 16448 | Gauntlet | Found a transporter.
 16470 | Gauntlet | Found a transporter.
 16514 | Gauntlet | Found a transporter.
 16520 | Gauntlet | Found a transporter.
 16522 | Gauntlet | Found a transporter.
 16570 | Gauntlet | Noticed a ghost moth
 16632 | Gauntlet | Reached skill level 10 in Fighting
 16632 | Gauntlet | Identified the ring of Ciuzxo {rPois Int+4 Slay+4}
 16663 | Gauntlet | Gained mutation: You are weak. (Str -2) [a shining eye]
 16676 | Gauntlet | Lost mutation: You have supernaturally acute eyesight.
                  | (SInv) [potion of mutation]
 16676 | Gauntlet | Lost mutation: You are weak. (Str -2) [potion of mutation]
 16676 | Gauntlet | Gained mutation: Your body sometimes deteriorates upon
                  | taking damage. [potion of mutation]
 16677 | Gauntlet | Lost mutation: Your body sometimes deteriorates upon taking
                  | damage. [potion of mutation]
 16677 | Gauntlet | Lost mutation: You have a pair of small horns on your head.
                  | [potion of mutation]
 16677 | Gauntlet | Gained mutation: You have a pair of small antennae on your
                  | head. [potion of mutation]
 16677 | Gauntlet | Gained mutation: Your flesh is heat resistant. (rF+)
                  | [potion of mutation]
 16677 | Gauntlet | Gained mutation: Your spells are a little easier to cast,
                  | but a little less powerful. [potion of mutation]
 16980 | D:13     | Received a gift from Okawaru
 16981 | D:13     | Reached XP level 15. HP: 125/149 MP: 16/20
 17604 | D:14     | Noticed a frost giant
 17604 | D:14     | Noticed a sphinx
 17610 | D:14     | Killed a sphinx
 17619 | D:14     | Killed a frost giant
 17806 | D:14     | Found an opulent altar of Gozag.
 18106 | D:14     | Received a gift from Okawaru
 18325 | D:14     | Found a gate to the Vaults.
 18363 | D:14     | Reached skill level 14 in Unarmed Combat
 18773 | D:15     | Entered Level 15 of the Dungeon
 18957 | D:15     | Found a frozen archway.
 18968 | IceCv    | Entered an ice cave
 19102 | IceCv    | Received a gift from Okawaru
 19213 | IceCv    | Noticed a frost giant
 19213 | IceCv    | Noticed a frost giant
 19233 | IceCv    | Killed a frost giant
 19261 | IceCv    | Killed a frost giant
 19579 | IceCv    | Received a gift from Okawaru
 19729 | D:15     | Reached XP level 16. HP: 162/162 MP: 22/22
 19858 | D:15     | Found a staircase to the Depths.
 19932 | D:15     | Found Ranwalu's Weapon Shoppe.
 20819 | Orc:1    | Entered Level 1 of the Orcish Mines
 21136 | Orc:2    | Entered Level 2 of the Orcish Mines
 21237 | Orc:2    | Reached skill level 15 in Unarmed Combat
 21267 | Orc:2    | Found Geijyoj's Magic Scroll Boutique.
 21321 | Orc:2    | Received a gift from Okawaru
 21358 | Orc:2    | Found a staircase to the Elven Halls.
 21392 | Orc:1    | Found Segexkaa's Magic Scroll Shop.
 21406 | Orc:1    | Bought a scroll of identify for 32 gold pieces
 21406 | Orc:1    | Bought a scroll of identify for 32 gold pieces
 21407 | Orc:1    | Identified a scroll of acquirement
 21409 | Orc:1    | Acquired a manual of Invocations
 21464 | Orc:2    | Found Sacil's Antique Armour Shop.
 21509 | Orc:2    | Found Fiddouv's Distillery.
 21510 | Orc:2    | Found Woheus's Distillery.
 21511 | Orc:2    | Found Kyarir's Antique Armour Boutique.
 21538 | Orc:2    | Reached skill level 10 in Invocations
 21671 | Orc:2    | Bought a scroll of fear for 64 gold pieces
 21981 | Orc:2    | Found Ceycy's Antique Armour Boutique.
 22089 | Orc:2    | Bought a scroll of identify for 32 gold pieces
 22135 | Orc:2    | Bought a scroll of teleportation for 48 gold pieces
 22135 | Orc:2    | Bought a scroll of fog for 64 gold pieces
 22140 | Orc:2    | Bought a potion of heal wounds for 55 gold pieces
 22140 | Orc:2    | Bought a potion of haste for 110 gold pieces
 22140 | Orc:2    | Bought a potion of invisibility for 88 gold pieces
 22140 | Orc:2    | Bought a potion of heal wounds for 55 gold pieces
 22140 | Orc:2    | Bought a potion of heal wounds for 55 gold pieces
 22140 | Orc:2    | Bought a potion of might for 44 gold pieces
 22140 | Orc:2    | Bought a potion of invisibility for 88 gold pieces
 22146 | Orc:2    | Bought 2 potions of curing for 96 gold pieces
 22146 | Orc:2    | Bought a potion of curing for 48 gold pieces
 22146 | Orc:2    | Bought a potion of berserk rage for 80 gold pieces
 22146 | Orc:2    | Bought a potion of curing for 48 gold pieces
 22146 | Orc:2    | Bought a potion of heal wounds for 80 gold pieces
 22311 | D:4      | Bought a potion of resistance for 110 gold pieces
 22311 | D:4      | Bought a potion of haste for 110 gold pieces
 22311 | D:4      | Bought 2 potions of curing for 66 gold pieces
 22311 | D:4      | Bought a potion of resistance for 110 gold pieces
 22311 | D:4      | Bought a potion of haste for 110 gold pieces
 22617 | Swamp:1  | Entered Level 1 of the Swamp
 22617 | Swamp:1  | Noticed Jorgrun
 22652 | Swamp:1  | HP: 6/165 [five-headed hydra (4)]
 22654 | Swamp:1  | HP: 2/165 [bog body/bolt of cold (1)]
 22655 | Swamp:1  | Slain by a five-headed hydra

Illustrated notes

Levels and vault maps discovered:
D:1:      dpeg_arrival_refuge, layout_rooms,
          shapermc_ecumenical_altar_acropolis, grunt_decor_fettered,
          corexii_corridor_pit, serial_bayou_pond_d, hangedman_feature_mirror
D:2:      minmay_general_purpose_star, layout_loops_corners, basic_altar,
          serial_shops, shop_statue, minmay_fractal_squares_gapless_5,
          uniq_robin
D:3:      layout_rooms, cheibrodos_sewer_entry_bend
D:4:      layout_cave_pools, serial_shops, nicolae_shop_statue_plus, shop,
          kennysheep_generic_room_7
D:5:      layout_layer_cave, mainiacjoe_overflow_24_doors,
          amcnicky_altar_gilded, minmay_temple_entry_proselytizer,
          serial_demonic, serial_demonic_c, serial_demonic_f, serial_demonic_e,
          serial_demonic_b, kennysheep_minor_cross, kennysheep_generic_room_11,
          uniq_crazy_yiuf_cottage
D:6:      layout_cave_pods, nemelex_dance_club_becter, uniq_blork_the_orc
D:7:      minmay_flawed_box, layout_basic, mainiacjoe_overflow_six_doors_small,
          grunt_temple_overflow_open, minivault_23
D:8:      layout_rooms, serial_shops, shop, minmay_pinched_square,
          uniq_prince_ribbit1, uniq_maggie, uniq_erica, uniq_joseph
D:9:      corexii_shack_village, layout_rooms,
          mainiacjoe_overflow_cross_hatched, zin_treasury, uniq_erolcha,
          uniq_pikel
D:10:     minmay_the_grid_4x2 [minmay_the_grid_odd_star,
          minmay_the_grid_stretched_grid, minmay_the_grid_eight,
          minmay_the_grid_spikes, minmay_the_grid_plusring,
          minmay_the_grid_zigzag_pyramid, minmay_the_grid_dragon_a,
          minmay_the_grid_prize_inner_circle], layout_gridville,
          mainiacjoe_overflow_concentric_impassable, lightli_temple_of_fire,
          dancing_weapons_uskayaw, mainiacjoe_overflow_brackets
D:11:     layout_gridville, david_lair_generic
D:12:     layout_loops_ring, mrwooster_statue_mirror, kennysheep_flooded_box,
          slow_altar_1, uniq_josephine, uniq_snorg
D:13:     layout_loops_ring, gauntlet_entry_generic, grunt_ministairs_6
D:14:     minmay_diamond_stairs, layout_basic, erik_vaults_2,
          grunt_gozag_statues
D:15:     hangedman_depths_entry_try_elsewhere_first, layout_loops_ring,
          serial_shops, nicolae_shop_bloodbath_and_beyond,
          portal_ice_cave_entry_pillars_three, roderic_three_in_a_row,
          minivault_11
Temple:   hellmonk_temple_beads
Lair:1:   layout_regular_city, uniq_grum
Lair:2:   layout_gridlike, palyth_hydra_swamp_entry, spider_nest_entry_webs,
          columned_hall_lemuel
Lair:3:   layout_layer_cave, hangedman_lair_generics_rect
Lair:4:   layout_hall_layers, minmay_slime_entry_jelly_boxes,
          serial_bayou_shore_a
Lair:5:   cheibrodos_lair_end_hotspot, layout_cave_pods, basic_altar
Swamp:1:  layout_falls_marsh, nicolae_swamp_small_spring,
          infiniplex_staircase_pool_2, uniq_jorgrun
Orc:1:    layout_diamond_mine, serial_shops, nicolae_shop_stone
Orc:2:    st_orc_open, layout_caves, serial_shops, nicolae_shop_trees,
          nicolae_diamond_shop, david_defended_altar_orc

Skill      XL: |  1  2  3  4  5  6  7  8  9 10 11 12 13 14 15 16 |
---------------+-------------------------------------------------+-----
Armour         | 1 4 5 6 8 9 10 11 12 | 12.0
Unarmed Combat | 4 5 6 7 8 9 10 11 12 13 14 15 | 15.0
Dodging        | 3 4 6 7 8 9 10 11 12 | 12.0
Fighting       | 3 4 5 6 8 9 10 11 12 | 12.0
Throwing       | 1 2 3 4 5 |  5.0
Stealth        | 2 |  2.0
Invocations    | 2 4 5 6 7 8 9 10 | 10.0
Evocations     | 1 2 |  2.0

Action                   |  1- 3 |  4- 6 |  7- 9 | 10-12 | 13-15 | 16-18 || total
-------------------------+-------+-------+-------+-------+-------+-------++-------
Melee: Unarmed           |    82 |   161 |   222 |   439 |   982 |   277 ||  2163
       Punch             |     1 |     5 |    10 |    28 |   129 |    38 ||   211
       Headbutt          |       |       |       |    78 |   192 |       ||   270
       Scimitar          |       |       |       |     5 |    55 |       ||    60
Throw: Dart              |       |     2 |     5 |    10 |       |       ||    17
       Large rock        |       |       |       |     2 |    37 |     2 ||    41
Invok: Heroism           |       |       |     1 |     4 |    13 |     2 ||    20
       Finesse           |       |       |     1 |     3 |     6 |       ||    10
Evoke: Wand              |       |       |       |     6 |     7 |     2 ||    15
  Use: Scroll            |       |     8 |     2 |     9 |     5 |     6 ||    30
       Potion            |       |       |     1 |     3 |     4 |     1 ||     9
 Stab: Sleeping          |     1 |     8 |     4 |     4 |     6 |       ||    23
       Distracted        |       |       |       |     1 |     2 |       ||     3
Armor: Robe              |    25 |    40 |    62 |       |       |       ||   127
       Steam dragon scal |       |       |    31 |   121 |   183 |       ||   335
       Ice dragon scales |       |       |       |       |   142 |   143 ||   285
Dodge: Dodged            |    45 |    88 |    70 |   294 |   608 |   151 ||  1256
Block: Other             |       |       |    28 |    76 |   277 |    64 ||   445
       Reflection        |       |       |       |     3 |     2 |       ||     5
